 Dungeon Crawl Stone Soup version 0.30-a0-219-gf2db51d15e (webtiles) character file.

Game seed: 4116020517515031844

89 jimonade the Cutter (level 4, -3/26 HPs)
             Began as a Kobold Brigand on Oct 7, 2022.
             Slain by an orc
             ... wielding a +0 mace
              (6 damage)
             ... on level 3 of the Dungeon.
             The game lasted 00:02:49 (1246 turns).

jimonade the Cutter (Kobold Brigand)                Turns: 1246, Time: 00:02:50

Health: -3/26      AC:  8    Str:  8    XL:     4   Next: 84%
Magic:  4/4        EV: 12    Int: 18    God:
Gold:   159        SH:  0    Dex: 18    Spells: 3/3 levels left

rFire   . . .      SeeInvis .    a - +2 dagger
rCold   . . .      Faith    .    (no shield)
rNeg    . . .      Spirit   .    p - +1 ring mail {Will+}
rPois   .          Reflect  .    s - +0 helmet
rElec   .          Harm     .    c - +0 cloak
rCorr   .          Rampage  .    (no gloves)
Will    +....                    (no boots)
Stlth   ++++......               (no amulet)
HPRegen 0.24/turn                n - +6 ring of intelligence
MPRegen 0.09/turn                (no ring)

@: no status effects
A: small, no large weapons, nightstalker 3
a: no special abilities


You were on level 3 of the Dungeon.
You visited 1 branch of the dungeon, and saw 3 of its levels.

You collected 159 gold pieces.

Inventory:

Hand Weapons
 a - a +2 dagger (weapon)
 l - a +0 shortbow
Missiles
 d - 14 poisoned darts (quivered)
 e - 3 curare-tipped darts
Armour
 b - a +0 robe
 c - a +0 cloak (worn)
 p - a +1 ring mail of willpower (worn)
 s - a +0 helmet (worn)
Jewellery
 n - a +6 ring of intelligence (left hand)
Scrolls
 h - 2 scrolls of immolation {unknown}
 i - a scroll of enchant armour {unknown}
 j - a scroll of amnesia {unknown}
 k - 2 scrolls of noise {unknown}
 m - 3 scrolls of identify {unknown}
 o - a scroll of teleportation {unknown}
 q - a scroll of enchant weapon {unknown}
 r - a scroll of blinking {unknown}
Potions
 f - 3 potions of flight {unknown}
 g - a potion of curing {unknown}
 t - a potion of lignification {unknown}
 u - a potion of heal wounds {unknown}
 v - a potion of invisibility {unknown}


   Skills:
 - Level 2.1 Fighting
 + Level 6.2 Short Blades
 - Level 2.1 Throwing
 - Level 1.2 Dodging
 - Level 5.3 Stealth


You had 3 spell levels left.
You didn't know any spells.
Your spell library contained the following spells:

 Spells                   Type           Power      Damage    Failure   Level
 Sublimation of Blood     Necr           0%         N/A       71%         2
 Petrify                  Tmut/Erth      0%         N/A       100%        4
 Irradiate                Conj/Tmut      0%         3d11      100%        5


Dungeon Overview and Level Annotations

Branches:
Dungeon (3/15)

Altars:


Innate Abilities, Weirdness & Mutations

You are small and have problems with some larger weapons.
You are completely attuned to the shadows.


Message History

You kill the orc!
You hit the orc but do no damage. The orc hits you with a +0 mace.
You hit the orc.
The orc is moderately wounded.
You hit the orc but do no damage.
The orc is moderately wounded.
The orc hits you with a +0 mace!
You hit the orc but do no damage.
The orc is moderately wounded.
The orc hits you with a +0 mace.
An orc wizard comes into view. It is wielding a +0 dagger.
You hit the orc but do no damage.
The orc is moderately wounded.
You hit the orc. Your punch misses the orc.
The orc is heavily wounded.
The orc barely misses you.
The orc wizard mumbles some strange words.
The orc wizard flickers and vanishes!
Deactivating autopickup; reactivate with Ctrl-A.
You hit the orc.
The orc is severely wounded.
The orc closely misses you.
You hit the orc but do no damage.
The orc is severely wounded.
You hit the orc.
The orc is almost dead.
The orc hits you with a +0 mace.
You hit the orc but do no damage.
The orc is almost dead.
The orc barely misses you. The orc attacks as you move away!
The orc barely misses you. The orc attacks as you move away!
The orc hits you with a +0 mace.
* * * LOW HITPOINT WARNING * * *
The orc attacks as you move away! The orc hits you but does no damage.
The orc attacks as you move away! The orc barely misses you.
The orc attacks as you move away! The orc hits you with a +0 mace.
* * * LOW HITPOINT WARNING * * *
There is a stone staircase leading up here.
The orc hits you with a +0 mace.
You die...

.#..# #.#.# #.#.######
#........# #.#.#.##.#
.##.##.#.#
###.###..#########
...<..#..........#
###.#.#.......##@####
.##[#....รท......o...#
#.#.#.##.####.##o##.#
.....###.# #..##.##.#
###### #.###.###.##.#
# #............##### #
###.######....... # #.
##..#### # #. #####..#


You could see 2 orcs.

Vanquished Creatures
  5 adders
  An orc (D:3)
  6 ball pythons
  4 endoplasms
  4 giant cockroaches
  A goblin (D:2)
  5 hobgoblins
  4 jackals (D:2)
  A quokka (D:3)
  2 bats
  3 frilled lizards
  5 kobolds
  3 rats
44 creatures vanquished.

Notes
Turn   | Place    | Note
-------+----------+-------------------------------------------
     0 | D:1      | jimonade the Kobold Brigand began the quest for the Orb.
     0 | D:1      | Reached XP level 1. HP: 12/12 MP: 1/1
    87 | D:1      | Reached skill level 3 in Short Blades
   128 | D:1      | Reached XP level 2. HP: 17/17 MP: 2/2
   136 | D:1      | You fall into a shaft and drop 1 floor!
   273 | D:2      | Reached skill level 4 in Short Blades
   423 | D:2      | Reached XP level 3. HP: 21/21 MP: 3/3
   529 | D:2      | Found a faded altar of an unknown god.
   580 | D:2      | Reached skill level 5 in Short Blades
   794 | D:3      | Reached XP level 4. HP: 26/26 MP: 4/4
   965 | D:3      | Reached skill level 6 in Short Blades
  1239 | D:3      | HP: 1/26 [orc/+0 mace (6)]
  1246 | D:3      | Slain by an orc

Illustrated notes

Levels and vault maps discovered:
D:1:      psy_arrival_heroes, layout_rooms
D:2:      layout_rooms, basic_ecumenical_altar, chequers_serial_rivers_micro_c
D:3:      layout_loops_ring

Skill      XL: |  1  2  3  4 |
---------------+-------------+-----
Short Blades   | 3 4 5 6 |  6.2
Fighting       | |  2.1
Throwing       | |  2.1
Dodging        | |  1.2
Stealth        | |  5.3

Action                   |  1- 3 |  4- 6 || total
-------------------------+-------+-------++-------
Melee: Dagger            |    71 |    49 ||   120
 Stab: Sleeping          |    17 |     5 ||    22
Armor: Robe              |     4 |       ||     4
       Ring mail         |     4 |    18 ||    22
Dodge: Dodged            |    35 |    40 ||    75

Table legend: (Time is in decaauts)
 A = Elapsed time spent in this place.
 B = Non-inter-level travel time spent in this place.
 C = Inter-level travel time spent in this place.
 D = Time resting spent in this place.
 E = Time spent auto-exploring this place.
 F = Levels seen in this place.
 G = Mean time per level.
                   A        B        C        D        E       F      G
               +--------+--------+--------+--------+--------+-----+--------+
         Total |   1217 |   1208 |      9 |      0 |    866 |   3 |  405.7 |
       Dungeon |   1217 |   1208 |      9 |      0 |    866 |   3 |  405.7 |
               +--------+--------+--------+--------+--------+-----+--------+

Top non-repeatable levels by time:
     D:2: 588 daAuts
     D:3: 494 daAuts
     D:1: 133 daAuts
